 Dungeon Crawl Stone Soup version 0.32-a0-818-gb728d0252e (webtiles) character file.

Game seed: 8515622238640672277

26 smashvw the Gusty (level 2, 0/15 HPs)
             Began as a Deep Elf Air Elementalist on Mar 23, 2024.
             Incinerated by a bombardier beetle (4 damage)
             ... with a burning spray
             ... on level 2 of the Dungeon.
             The game lasted 00:02:34 (993 turns).

smashvw the Gusty (Deep Elf Air Elementalist)        Turns: 993, Time: 00:02:34

Health: 0/15       AC:  4    Str:  5    XL:     2   Next: 89%
Magic:  0/8        EV: 12    Int: 19    God:
Gold:   37         SH:  0    Dex: 15    Spells: 6/7 levels left

rFire   . . .        f - +0 dagger
rCold   . . .        (no shield)
rNeg    . . .        a - +0 robe
rPois   .            (no helmet)
rElec   .            (no cloak)
rCorr   .            k - +1 pair of gloves
SInv    .            (no boots)
Will    .....        (no amulet)
Stlth   +            (no ring)
HPRegen 0.22/turn    (no ring)
MPRegen 0.11/turn

%: no passive effects
@: on fire, very slightly contaminated, glowing
A: no striking features
a: no special abilities


You were on level 2 of the Dungeon.
You visited 1 branch of the dungeon, and saw 2 of its levels.

You collected 37 gold pieces.

Inventory:

Hand Weapons
 f - a +0 dagger (weapon)
Armour
 a - a +0 robe (worn)
 k - a +1 pair of gloves (worn)
Talismans
 m - a maw talisman
Scrolls
 c - a scroll of acquirement {unknown}
 e - 3 scrolls of revelation {unknown}
 g - a scroll of teleportation {unknown}
 h - 2 scrolls of immolation {unknown}
 i - a scroll of fog {unknown}
 j - a scroll of poison {unknown}
Potions
 b - a potion of magic
 d - a potion of attraction {unknown}
 l - a potion of degeneration {unknown}


   Skills:
 + Level 2.9 Dodging
 + Level 3.0 Stealth
 + Level 3.4 Spellcasting
 - Level 1.5 Conjurations
 + Level 3.5 Air Magic


You had 6 spell levels left.
You knew the following spells:

 Your Spells              Type           Power      Damage    Failure   Level
a - Shock                 Conj/Air       52%        1d6       4%          1

Your spell library contained the following spells:

 Spells                   Type           Power      Damage    Failure   Level
 Static Discharge         Conj/Air       26%        3-5/arc   8%          2
 Swiftness                Air            16%        N/A       10%         3
 Airstrike                Air            8%         2d(2-18)  32%         4


Dungeon Overview and Level Annotations

Branches:
Dungeon (2/15)

Altars:
Ru


Message History

You kill the ribbon worm!
You now have 28 gold pieces (gained 4).
You now have 37 gold pieces (gained 9).
A bombardier beetle and a jackal come into view.
The zap hits the jackal but does no damage.
The zap misses the jackal.
The zap hits the jackal.
The jackal is severely wounded.
The zap hits the jackal.
You kill the jackal!
Your Stealth skill increases to level 3!
There is a sacrificial altar of Ru here.
You miscast Shock.
You are very lightly contaminated with residual magic.
Nothing appears to happen.
The zap hits the bombardier beetle.
The bombardier beetle is moderately wounded.
The bombardier beetle sprays incendiary fluid at you.
The burning spray hits you.
You are covered in liquid fire!
The zap hits the bombardier beetle.
The bombardier beetle is severely wounded.
The liquid fire burns you!
The zap hits the bombardier beetle.
The bombardier beetle is almost dead.
The liquid fire burns you!
You are too injured to fight recklessly!
Aiming: Shock (safe; 4% risk of failure)
Press: ? - help, Q - select action Shift-Dir - straight line, f/p - bombardier beetle
Aim: a bombardier beetle (almost dead, 81% to hit)
The zap misses the bombardier beetle.
The liquid fire burns you!
* * * LOW HITPOINT WARNING * * *
You don't have enough magic to cast this spell.
Unknown command.
Press < or > to pray at altars.
You don't have enough magic to cast this spell.
You shake off some of the fire as you move.
The liquid fire burns you!
You die...

#.# #.# #.# #
#.##########.#### #
#..........!.....
###.##.###....B#
#..............#
#..#.##.#...._..##
##......#..@....##.#
.....##.†.#.........#
.##.# ##.#.#.######.#
##.###....#.# #
#...........#
#..###.........
#..####.##..###
#..<..#.##...#
#.###.#.##.#.#


You could see a bombardier beetle.

Vanquished Creatures
  A ribbon worm (D:2)
  A dart slug (D:1)
  3 ball pythons
  3 bats (D:1)
  2 giant cockroaches (D:1)
  2 goblins (D:1)
  A hobgoblin (D:1)
  A jackal (D:2)
  3 frilled lizards (D:1)
  2 kobolds (D:1)
  2 rats (D:1)
21 creatures vanquished.

Notes
Turn   | Place    | Note
-------+----------+-------------------------------------------
     0 | D:1      | smashvw the Deep Elf Air Elementalist began the quest for
                  | the Orb.
     0 | D:1      | Reached XP level 1. HP: 10/10 MP: 6/6
   257 | D:1      | Reached XP level 2. HP: 15/15 MP: 4/8
   929 | D:2      | Found a sacrificial altar of Ru.
   981 | D:2      | Noticed a bombardier beetle
   993 | D:2      | Incinerated by a bombardier beetle

Illustrated notes

Levels and vault maps discovered:
D:1:      wander_arrival_estate, layout_basic
D:2:      layout_loops_ring, basic_altar, uniq_crazy_yiuf_cottage

Skill      XL: |  1  2 |
---------------+-------+-----
Stealth        | 3 |  3.0
Dodging        | |  2.9
Spellcasting   | |  3.4
Conjurations   | |  1.5
Air Magic      | |  3.5

Action                     || total
---------------------------++-------
   Cast: Shock             ||    40
 Armour: Robe              ||     4
  Dodge: Dodged            ||     5

Table legend: (Time is in decaauts)
 A = Elapsed time spent in this place.
 B = Non-inter-level travel time spent in this place.
 C = Inter-level travel time spent in this place.
 D = Time resting spent in this place.
 E = Time spent auto-exploring this place.
 F = Levels seen in this place.
 G = Mean time per level.
                   A        B        C        D        E       F      G
               +--------+--------+--------+--------+--------+-----+--------+
         Total |    992 |    968 |     24 |      0 |    871 |   2 |  496.0 |
       Dungeon |    992 |    968 |     24 |      0 |    871 |   2 |  496.0 |
               +--------+--------+--------+--------+--------+-----+--------+

Top non-repeatable levels by time:
     D:1: 911 daAuts
     D:2: 80 daAuts
